 Dungeon Crawl Stone Soup version 0.30-a0-956-gcec3b41aec (webtiles) character file.

Game seed: 4649620246836759295

22 Dirtsage the Trooper (level 2, 0/24 HPs)
             Began as a Demonspawn Fighter on Mar 29, 2023.
             Slain by a kobold
             ... wielding the +7 war axe of Ignis's Benevolence {freeze, rPois Str+3 Dex-5}
              (4 damage)
             ... on level 2 of the Dungeon.
             The game lasted 00:01:18 (1028 turns).

Dirtsage the Trooper (Demonspawn Fighter)           Turns: 1028, Time: 00:01:19

Health: 0/24       AC:  6    Str: 16    XL:     2   Next: 68%
Magic:  2/2        EV:  8    Int:  9    God:
Gold:   46         SH:  4    Dex: 12    Spells: 1/1 levels left

rFire   . . .      SeeInvis .    a - +0 war axe
rCold   . . .      Faith    .    c - +0 buckler
rNeg    . . .      Spirit   .    b - +0 scale mail
rPois   .          Reflect  .    (helmet restricted)
rElec   .          Rampage  .    (no cloak)
rCorr   .                        (no gloves)
Will    .....                    (no boots) Stlth
                                 (no amulet)
HPRegen 0.24/turn                (no ring)
MPRegen 0.08/turn                (no ring)

@: no status effects
A: antennae 1
a: no special abilities


You were on level 2 of the Dungeon.
You visited 1 branch of the dungeon, and saw 2 of its levels.

You collected 76 gold pieces.
You spent 30 gold pieces at shops.

Inventory:

Hand Weapons
 a - a +0 war axe (weapon)
Armour
 b - a +0 scale mail (worn)
 c - a +0 buckler (worn)
Jewellery
 l - a ring of fire
Scrolls
 e - a scroll of identify {unknown}
 f - a scroll of poison {unknown}
 g - a scroll of teleportation {unknown}
Potions
 d - a potion of might
 h - a potion of degeneration {unknown}
 i - a potion of heal wounds {unknown}
 j - a potion of resistance {unknown}
 k - a potion of berserk rage {unknown}
 q - a potion of curing


   Skills:
 - Level 3.0 Fighting
 + Level 3.0 Axes
 - Level 2.6 Armour
 - Level 2.6 Shields


You had one spell level left.
You didn't know any spells.
Your spell library was empty.

Dungeon Overview and Level Annotations

Branches:
Dungeon (2/15)

Altars:

Shops:
D:2 !


Innate Abilities, Weirdness & Mutations

You have a pair of small antennae on your head.


Message History

You barely miss the hobgoblin. You block the hobgoblin's attack. x2
Your Axes skill increases to level 3!
Health restored: 24 You barely miss the hobgoblin.
The hobgoblin is lightly wounded.
The hobgoblin hits you but does no damage.
You hit the hobgoblin but do no damage.
The hobgoblin is lightly wounded.
The hobgoblin barely misses you.
You closely miss the hobgoblin.
The hobgoblin is lightly wounded.
A kobold comes into view.
It is wielding the +7 war axe of Ignis's Benevolence {freeze, rPois Str+3 Dex-5}.
The hobgoblin hits you but does no damage.
The hobgoblin barely misses you.
You slash the hobgoblin!
You kill the hobgoblin!
The kobold throws a stone.
The stone hits you but does no damage.
Found a stone staircase leading up.
A hobgoblin comes into view.
The hobgoblin shouts!
The kobold hits you with the +7 war axe of Ignis's Benevolence {freeze, rPois Str+3 Dex-5}!
The kobold freezes you.
You see here 3 scrolls labelled WUURGH OXEGI.
You take 10 damage, and have 14/24 hp.
MASSIVE DAMAGE!!
You are too injured to fight recklessly!
You are too injured to fight recklessly!
You are too injured to fight recklessly!
You are too injured to fight recklessly!
You hit the kobold but do no damage.
The kobold hits you with the +7 war axe of Ignis's Benevolence {freeze, rPois Str+3 Dex-5}.
The kobold freezes you. You block the kobold's attack.
You take 2 damage, and have 12/24 hp.
You hit the kobold.
The kobold is moderately wounded.
The kobold closely misses you.
You closely miss the kobold.
The kobold hits you with the +7 war axe of Ignis's Benevolence {freeze, rPois Str+3 Dex-5}!
* * * LOW HITPOINT WARNING * * *
The kobold freezes you.
You die...

....##.......∩..##.#
...>##.###+#+##.##.#
....'†.....#....##.#
....###.##.#######.##
..........> ..<#..###
##########.. #.##...#
#.#####....#.#
#........#...# .
.##...@###..# .
#....##K# .## . #...
?g. .. . #.# ##..$
#.. ..... #.# #.#.##
.# ###.. .#.


You could see a hobgoblin and a kobold.

Vanquished Creatures
  A worm (D:2)
  A dart slug (D:1)
  A bat (D:1)
  3 endoplasms
  2 goblins
  3 hobgoblins
  3 ball pythons
  A frilled lizard (D:2)
15 creatures vanquished.

Notes
Turn   | Place    | Note
-------+----------+-------------------------------------------
     0 | D:1      | Dirtsage the Demonspawn Fighter began the quest for the
                  | Orb.
     0 | D:1      | Reached XP level 1. HP: 18/18 MP: 1/1
   216 | D:1      | Found a faded altar of an unknown god.
   477 | D:1      | Gained mutation: You have a pair of small antennae on your
                  | head. [demonic ancestry]
   477 | D:1      | Reached XP level 2. HP: 24/24 MP: 2/2
   987 | D:2      | Found Dyqep's Distillery.
   997 | D:2      | Bought a potion of curing for 30 gold pieces
  1022 | D:2      | Identified the +7 war axe of Ignis's Benevolence {freeze,
                  | rPois Str+3 Dex-5}
  1028 | D:2      | Slain by a kobold

Illustrated notes

Levels and vault maps discovered:
D:1:      wheals_arrival_linesprint, layout_loops_ring,
          hellmonk_ecumenical_altar_crossroads
D:2:      layout_basic, serial_shops, shop, minmay_hexomino_u4

Skill      XL: |  1  2 |
---------------+-------+-----
Axes           | 2 3 |  3.0
Fighting       | |  3.0
Armour         | |  2.6
Shields        | |  2.6

Action                     || total
---------------------------++-------
  Melee: War axe           ||    48
 Armour: Scale mail        ||    16
  Dodge: Dodged            ||    17
  Block: Buckler           ||    15

Table legend: (Time is in decaauts)
 A = Elapsed time spent in this place.
 B = Non-inter-level travel time spent in this place.
 C = Inter-level travel time spent in this place.
 D = Time resting spent in this place.
 E = Time spent auto-exploring this place.
 F = Levels seen in this place.
 G = Mean time per level.
                   A        B        C        D        E       F      G
               +--------+--------+--------+--------+--------+-----+--------+
         Total |   1046 |    977 |     69 |      0 |    860 |   2 |  523.0 |
       Dungeon |   1046 |    977 |     69 |      0 |    860 |   2 |  523.0 |
               +--------+--------+--------+--------+--------+-----+--------+

Top non-repeatable levels by time:
     D:1: 905 daAuts
     D:2: 141 daAuts
